 Dungeon Crawl Stone Soup version 0.30.1-3-gfc49f6343a (webtiles) character file.

Game seed: 11347087917466141200

7237 boopmooplesden the Spear-Bearer (level 10, -1/93 HPs)
             Began as a Minotaur Berserker on Aug 3, 2023.
             Was an Elder of Trog.
             Slain by a manticore (19 damage)
             ... on level 11 of the Dungeon.
             The game lasted 00:11:48 (8733 turns).

boopmooplesden the Spear-Bearer (MiBe)              Turns: 8733, Time: 00:11:49

Health: -1/93      AC: 12    Str: 31    XL:     10   Next: 88%
Magic:  9/9        EV: 13    Int:  4    God:    Trog [****..]
Gold:   473        SH:  0    Dex: 11    Spells: 9/9 levels left

rFire   . . .        C - +4 spear (freeze)
rCold   . . .        (no shield)
rNeg    . . .        B - +5 ring mail
rPois   +            (helmet restricted)
rElec   .            i - scarf {repulsion}
rCorr   .            (no gloves)
SInv    .            (no boots)
Will    ++...        (no amulet)
Stlth   +            k - +6 ring of strength
HPRegen 1.35/turn    o - ring of poison resistance
MPRegen 0.11/turn

%: repel missiles
@: strong-willed, on berserk cooldown, regenerating, slowed, very slow
A: horns 2, retaliatory headbutt
a: Renounce Religion, Berserk, Trog's Hand, Brothers in Arms


You were on level 11 of the Dungeon.
You worshipped Trog.
Trog was greatly pleased with you.
You visited 1 branch of the dungeon, and saw 11 of its levels.

You collected 473 gold pieces.

Inventory:

Hand Weapons
 a - a +0 spear of freezing
 u - a +3 spear of protection
 y - a +0 halberd
 C - a +4 spear of freezing (weapon)
 F - the +1 war axe of the Vulture {freeze, rF+ Int+3 Dex+3}
   (You found it on level 10 of the Dungeon)

   Int:       It affects your intelligence (+3).
   Dex:       It affects your dexterity (+3).
   rF:        It protects you from fire.
Missiles
 c - 9 boomerangs (quivered)
 j - a throwing net
Armour
 i - a scarf of repulsion (worn)
 q - a +0 chain mail
 x - a +1 cloak
 B - a +5 ring mail (worn)
Jewellery
 b - a ring of flight
 k - a +6 ring of strength (left hand)
 o - a ring of poison resistance (right hand)
 p - a +4 ring of protection
Wands
 g - a wand of digging (6)
 E - a wand of iceblast (5)
 H - a wand of mindburst (5)
Scrolls
 d - 6 scrolls of identify
 h - 2 scrolls of teleportation
 t - 3 scrolls of blinking
 z - a scroll of poison
 A - 3 scrolls of silence
 D - a scroll of butterflies
 I - a scroll of immolation {unknown}
 J - a scroll of enchant armour
Potions
 e - 6 potions of heal wounds
 f - a potion of invisibility {unknown}
 l - 4 potions of lignification {unknown}
 m - 9 potions of curing {unknown}
 n - 2 potions of brilliance {unknown}
 r - 3 potions of haste {unknown}
 s - a potion of degeneration {unknown}
 v - a potion of flight {unknown}
 w - a potion of magic {unknown}
 G - a potion of attraction {unknown}
 K - a potion of mutation {unknown}


   Skills:
 + Level 9.9 Fighting
 + Level 12.7 Polearms
 + Level 2.7 Throwing
 + Level 9.8 Armour
 + Level 7.2 Dodging
 + Level 2.0 Stealth


You had 9 spell levels left.
You didn't know any spells.
Your spell library was empty.

Dungeon Overview and Level Annotations

Branches:
Dungeon (11/15)            Temple (0/1) D:4            Lair (0/5) D:9
    Orc (0/2) D:9

Altars:
Dithmenos
Elyvilon
Fedhas
Hepliaklqana
Makhleb
Nemelex Xobeh
Qazlal
Trog
Wu Jian
Xom
The Shining One


Innate Abilities, Weirdness & Mutations

You have a pair of horns on your head.
You reflexively headbutt those who attack you in melee.


Message History

Things that are here:
a killer bee corpse; a killer bee corpse The manticore flicks its tail.
The volley of spikes misses you.
A shadow comes into view.
Things that are here:
a +0 whip; a killer bee corpse You feel much better.
The manticore bites you!
The manticore claws you but does no damage.
The manticore claws you.
* * * LOW HITPOINT WARNING * * *
You hit the manticore. You freeze the manticore.
The manticore is lightly wounded.
The manticore bites you but does no damage.
The manticore claws you but does no damage. x2
You puncture the manticore! You freeze the manticore.
The manticore is moderately wounded.
The manticore bites you.
* * * LOW HITPOINT WARNING * * *
The manticore claws you.
* * * LOW HITPOINT WARNING * * *
The manticore claws you.
* * * LOW HITPOINT WARNING * * *
Your ogre goes berserk!
The manticore barely misses you.
The manticore claws you but does no damage.
The manticore claws you.
* * * LOW HITPOINT WARNING * * *
You swap places.
Your ogre hits the manticore with a +0 giant club!
The manticore bites your ogre!! The manticore claws your ogre.
The manticore claws your ogre!
The manticore flicks its tail.
The volley of spikes hits your ogre!
Your ogre dies!
Your ogre's corpse disappears in a puff of smoke!
Your skin crawls.
You feel strong-willed. The manticore bites you!!
You die...

..#####.. ..)#)yy ..#.. ## ###
.g. ..# ... #######.####'#
#########.## ...
.............###..........#....
#...........gyg#..........#....
#..........y.#W#..............
#...........#)#@.........##
#...........#.H..........#
#...........###..........#
#####.####### #..........# ##.#
#########.## #..# #......# #.##
#.###### ####.#######
###'###### #..........#
#........#


You could see a manticore.

Vanquished Creatures
  A gargoyle (D:10)
  A rime drake (D:9)
  A troll (D:9)
  A shadow (D:11)
  6 yaks (D:9)
  2 wraiths
  A steam dragon (D:10)
  2 acid dragons (D:10)
  4 water moccasins
  A black bear (D:6)
  An orc warrior (D:8)
  7 ice beasts
  2 wolves (D:9)
  3 ogres (D:5)
  4 centaurs
  2 phantoms
  A gnoll sergeant (D:11)
  4 bullfrogs
  8 wights
  16 killer bees
  2 howler monkeys (D:6)
  A crimson imp (D:5)
  3 hounds
  Crazy Yiuf (D:5)
  A gnoll bouda (D:4)
  8 orc priests
  3 iguanas
  A sleepcap (D:6)
  Jessica (D:3)
  12 orc wizards
  12 adders
  6 gnolls
  A shadow imp (D:7)
  2 white imps
  A worm (D:4)
  5 dart slugs
  25 orcs
  A ball python (D:3)
  3 bats
  5 endoplasms
  2 giant cockroaches
  8 hobgoblins
  8 jackals (D:5)
  9 kobolds
  4 quokkas
  3 frilled lizards
  5 goblins
  3 rats
204 creatures vanquished.

Notes
Turn   | Place    | Note
-------+----------+-------------------------------------------
     0 | D:1      | boopmooplesden the Minotaur Berserker began the quest for
                  | the Orb.
     0 | D:1      | Reached XP level 1. HP: 19/19 MP: 0/0
   121 | D:1      | Found a faded altar of an unknown god.
   183 | D:1      | Reached XP level 2. HP: 27/27 MP: 1/1
   421 | D:1      | Reached skill level 4 in Polearms
   917 | D:2      | Reached XP level 3. HP: 34/34 MP: 2/2
  1198 | D:2      | Reached skill level 1 in Throwing
  1332 | D:2      | Reached XP level 4. HP: 37/41 MP: 3/3
  1686 | D:3      | Reached ** piety under Trog
  1970 | D:3      | Noticed Jessica
  1975 | D:3      | Killed Jessica
  2180 | D:4      | Reached XP level 5. HP: 47/47 MP: 4/4
  2428 | D:4      | Found a staircase to the Ecumenical Temple.
  2465 | D:4      | Found a hazy altar of Hepliaklqana.
  2465 | D:4      | Found a white marble altar of Elyvilon.
  2676 | D:4      | Found a bloodstained altar of Trog.
  2690 | D:4      | Found a blossoming altar of Fedhas.
  2742 | D:4      | Reached skill level 5 in Polearms
  2807 | D:4      | Noticed a centaur
  2811 | D:4      | Killed a centaur
  2812 | D:4      | Reached XP level 6. HP: 49/55 MP: 5/5
  2917 | D:5      | Entered Level 5 of the Dungeon
  2933 | D:5      | Reached skill level 5 in Fighting
  2933 | D:5      | Reached skill level 5 in Armour
  2953 | D:5      | Reached XP level 7. HP: 57/61 MP: 6/6
  2958 | D:5      | Reached *** piety under Trog
  3062 | D:5      | Reached skill level 6 in Polearms
  3137 | D:5      | Reached skill level 7 in Polearms
  3445 | D:5      | Found a shimmering altar of Xom.
  3448 | D:5      | Found a burning altar of Makhleb.
  3458 | D:5      | Reached XP level 8. HP: 70/70 MP: 7/7
  3627 | D:5      | Found a runed translucent door.
  3628 | D:5      | Noticed Crazy Yiuf
  3748 | D:5      | Killed Crazy Yiuf
  4053 | D:6      | Found an ornate altar of the Wu Jian Council.
  4142 | D:6      | Reached skill level 8 in Polearms
  4304 | D:6      | Reached skill level 1 in Stealth
  4467 | D:6      | Found a shadowy altar of Dithmenos.
  5251 | D:7      | Reached skill level 9 in Polearms
  5251 | D:7      | Reached XP level 9. HP: 70/78 MP: 8/8
  5813 | D:7      | Found a stormy altar of Qazlal.
  5813 | D:7      | Found a sparkling altar of Nemelex Xobeh.
  6127 | D:8      | Reached skill level 5 in Dodging
  6626 | D:8      | Found a glowing golden altar of the Shining One.
  6640 | D:8      | Reached **** piety under Trog
  6641 | D:8      | Reached skill level 10 in Polearms
  6923 | D:9      | Found a staircase to the Orcish Mines.
  6964 | D:9      | Noticed a rime drake
  6987 | D:9      | Killed a rime drake
  6991 | D:9      | Found a staircase to the Lair.
  7078 | D:9      | Noticed a troll
  7089 | D:9      | Killed a troll
  7090 | D:9      | Reached XP level 10. HP: 85/90 MP: 9/9
  7512 | D:9      | Reached skill level 11 in Polearms
  7856 | D:10     | Entered Level 10 of the Dungeon
  7877 | D:10     | Identified the +1 war axe of the Vulture {freeze, rF+ Int+3
                  | Dex+3}
  8068 | D:10     | Reached skill level 12 in Polearms
  8550 | D:10     | Noticed a gargoyle
  8556 | D:10     | Killed a gargoyle
  8674 | D:11     | Noticed a manticore
  8733 | D:11     | Slain by a manticore

Illustrated notes

Levels and vault maps discovered:
D:1:      enne_arrival_octagon_isle, layout_basic,
          hellmonk_ecumenical_altar_inner_sanctum
D:2:      layout_basic
D:3:      layout_rooms, uniq_jessica
D:4:      layout_gridville, mainiacjoe_overflow_big_doors,
          mainiacjoe_overflow_large_starburst, temple_green, serial_glass,
          glass_columns_a, glass_columns_c, glass_columns_c, glass_columns_a,
          glass_columns_c, glass_columns_a, glass_columns_a, glass_columns_b,
          glass_columns_c, glass_columns_a, due_unseen_surprise,
          item_on_display_a, feat_on_display, kennysheep_generic_room_8
D:5:      layout_rooms, grunt_temple_overflow_champion_of_chaos,
          uniq_crazy_yiuf_cottage
D:6:      layout_gridville, mainiacjoe_overflow_paths,
          grunt_dithmenos_smoke_and_mirrors, grunt_decor_fettered
D:7:      layout_basic, gammafunk_temple_overflow_pools
D:8:      layout_basic, mainiacjoe_overflow_cross_hatched,
          minmay_misc_feat_columns
D:9:      layout_loops_corners, hellmonk_lair_entry_icy, orc_0_dummy
D:10:     layout_roguey
D:11:     layout_roguey, grunt_potential

Skill      XL: |  1  2  3  4  5  6  7  8  9 10 |
---------------+-------------------------------+-----
Fighting       | 4 5 6 8 9 |  9.9
Polearms       | 4 5 7 9 10 12 | 12.7
Throwing       | 1 2 |  2.7
Armour         | 3 4 5 6 8 9 |  9.8
Dodging        | 3 4 5 7 |  7.2
Stealth        | 1 2 |  2.0

Action                     |  1- 3 |  4- 6 |  7- 9 | 10-12 || total
---------------------------+-------+-------+-------+-------++-------
  Melee: Spear             |    40 |   109 |   300 |   183 ||   632
         Headbutt          |     6 |    17 |    56 |    32 ||   111
         Punch             |       |     1 |     2 |     1 ||     4
  Throw: Boomerang         |    33 |       |     1 |       ||    34
 Invoke: Berserk           |       |     2 |     4 |     2 ||     8
         Trog's Hand       |       |       |       |     1 ||     1
         Brothers in Arms  |       |       |       |     1 ||     1
    Use: Scroll            |       |     8 |     7 |       ||    15
         Potion            |       |       |       |     1 ||     1
 Armour: Animal skin       |    11 |       |       |       ||    11
         Ring mail         |     6 |     3 |    23 |    75 ||   107
         Chain mail        |       |    46 |    80 |       ||   126
  Dodge: Dodged            |    24 |    53 |   130 |   102 ||   309
         Repelled          |     1 |     3 |     2 |     3 ||     9
